 Dungeon Crawl Stone Soup version 0.28.0-1-gb440e238dd (webtiles) character file.

Game seed: 17599022437405062729

111 issech the Cudgeller (level 4, -1/45 HPs)
             Began as a Troll Monk on Feb 24, 2022.
             Slain by a worm (4 damage)
             ... on level 3 of the Dungeon.
             The game lasted 00:07:31 (2218 turns).

issech the Cudgeller (Troll Monk)                   Turns: 2218, Time: 00:07:31

Health: -1/45      AC:  4    Str: 19    XL:     4   Next: 62%
Magic:  3/3        EV: 10    Int:  6    God:
Gold:   96         SH:  0    Dex: 14    Spells: 3/3 levels left

rFire   . . .      SeeInvis .   a - +0 mace
rCold   . . .      Faith    .   (no shield)
rNeg    . . .      Spirit   .   b - +0 robe
rPois   .          Reflect  .   (helmet restricted)
rElec   .          Harm     .   (no cloak)
rCorr   .          Rampage  .   (gloves unavailable)
Will    .....                   (boots unavailable)
Stlth   ++........              (no amulet)
HPRegen 0.95/turn               (no ring)
MPRegen 0.08/turn               (no ring)

@: very slow
A: large, unfitting armour, claws 3, regeneration 1, shaggy fur 1, tough skin 1
a: no special abilities


You were on level 3 of the Dungeon.
You visited 1 branch of the dungeon, and saw 3 of its levels.

You collected 96 gold pieces.

Inventory:

Hand Weapons
 a - a +0 mace (weapon)
 j - a +0 hunting sling
 q - a +1 short sword of speed
Missiles
 e - 158 stones (quivered)
 l - 5 poisoned darts
 r - 60 arrows
Armour
 b - a +0 robe (worn)
Magical Staves
 i - a staff of poison
Wands
 n - a wand of acid (9)
 o - a wand of iceblast (14)
Scrolls
 g - 2 scrolls of identify {unknown}
 h - a scroll of summoning {unknown}
 k - a scroll of fog {unknown}
 m - a scroll of noise {unknown}
Potions
 c - a potion of heal wounds {unknown}
 d - a potion of curing {unknown}
 f - 2 potions of lignification {unknown}
 p - a potion of magic {unknown}


   Skills:
 + Level 3.0 Fighting
 + Level 3.8 Maces & Flails
 + Level 3.0 Dodging
 + Level 1.2 Stealth


You had 3 spell levels left.
You didn't know any spells.
Your spell library was empty.

Dungeon Overview and Level Annotations

Branches:
Dungeon (3/15)

Altars:
Nemelex Xobeh
Uskayaw

Portals:
Sewer: D:3


Innate Abilities, Weirdness & Mutations

You are too large for most types of armour.
You have claws for hands.
Your natural rate of healing is unusually fast.
You are covered in fur. (AC +1)
You have tough skin. (AC +1)


Message History

The ball python bites you. x2; The worm barely misses you.
The worm bites you. The ball python closely misses you. The worm bites you!
The ball python bites you but does no damage.
The worm misses you.
The worm splashes around in the water.
The ball python bites you but does no damage.
The ball python bites you but does no damage.
The ball python bites you.
You see here 20 stones.
e - 158 stones (gained 20)
The worm splashes around in the water.
The ball python barely misses you.
You enter the shallow water.
Moving in this stuff is going to be slow.
The ball python misses you. The worm bites you!
The ball python closely misses you. The ball python bites you.
The worm bites you but does no damage.
The worm splashes around in the water.
You hit the worm but do no damage. The ball python misses you.
The worm closely misses you.
You hit the worm.
The worm is lightly wounded.
The ball python barely misses you. The gnoll barely misses you.
The worm closely misses you. The worm bites you but does no damage.
The ball python completely misses you.
You hit the worm but do no damage.
The worm is lightly wounded.
The gnoll hits you with a +0 flail! The ball python closely misses you.
The worm barely misses you. The worm bites you. The worm closely misses you.
The gnoll hits you with a +0 flail!
* * * LOW HITPOINT WARNING * * *
You barely miss the worm.
The worm is lightly wounded.
The ball python bites you but does no damage.
The worm closely misses you. The gnoll misses you. The ball python misses you.
The worm bites you.
* * * LOW HITPOINT WARNING * * *
The worm splashes around in the water.
The ball python bites you.
* * * LOW HITPOINT WARNING * * *
The worm bites you.
You die...

##### #
#≈.≈#####≈≈##
#≈.gS@≈≈≈≈...
#.≈www≈≈≈....
##≈≈K####...#
#≈≈##......#
#≈w#...## .#
#≈≈#...###.#
###≈≈#.......#
##≈≈...####.##
##≈....####.#####


You could see 4 worms, a gnoll, a ball python and a kobold.

Vanquished Creatures
  An orc priest (D:3)
  An adder (D:2)
  2 dart slugs
  A worm (D:2)
  4 ball pythons
  7 bats
  2 endoplasms (D:2)
  6 giant cockroaches
  4 goblins
  10 hobgoblins
  2 jackals (D:2)
  4 quokkas
  3 frilled lizards
  9 kobolds
  8 rats
64 creatures vanquished.

Notes
Turn   | Place    | Note
-------+----------+-------------------------------------------
     0 | D:1      | issech the Troll Monk began the quest for the Orb.
     0 | D:1      | Reached XP level 1. HP: 22/22 MP: 0/0
   181 | D:1      | Reached XP level 2. HP: 28/29 MP: 1/1
   747 | D:1      | Reached XP level 3. HP: 32/36 MP: 2/2
  1176 | D:2      | Found a faded altar of an unknown god.
  1801 | D:3      | Reached XP level 4. HP: 45/45 MP: 3/3
  2180 | D:3      | Found a hide-covered altar of Uskayaw.
  2180 | D:3      | Found a sparkling altar of Nemelex Xobeh.
  2195 | D:3      | Found a glowing drain.
  2218 | D:3      | Slain by a worm

Illustrated notes

Levels and vault maps discovered:
D:1:      matt_arrival_refuge, layout_loops_ring
D:2:      layout_basic, hellmonk_ecumenical_altar_dog_temple,
          kennysheep_generic_room_5
D:3:      layout_loops_ring, mainiacjoe_overflow_alcove_4, jmf_multi_god_temple,
          cheibrodos_sewer_entry_bend, minmay_cut_off

Skill      XL: |  1  2  3  4 |
---------------+-------------+-----
Maces & Flails | 3 |  3.8
Fighting       | 3 |  3.0
Dodging        | 3 |  3.0
Stealth        | |  1.2

Action                   |  1- 3 |  4- 6 || total
-------------------------+-------+-------++-------
Melee: Mace              |   169 |    50 ||   219
       Punch             |     1 |       ||     1
 Stab: Sleeping          |     2 |       ||     2
Armor: Robe              |    78 |    33 ||   111
Dodge: Dodged            |   147 |    60 ||   207
